 Dungeon Crawl Stone Soup version 0.31-a0-233-g139696dc86 (webtiles) character file.

Game seed: 9011383336286772178

153 qw the Shooter (level 5, -2/31 HPs)
             Began as a Gargoyle Hexslinger on July 7, 2023.
             Was an Initiate of Okawaru.
             Slain by a phantom (4 damage)
             ... on level 4 of the Dungeon.
             The game lasted 00:01:05 (3110 turns).

qw the Shooter (Gargoyle Hexslinger)                Turns: 3110, Time: 00:01:06

Health: -2/31      AC:  7    Str: 12    XL:     5   Next: 35%
Magic:  6/6        EV: 16    Int: 13    God:    Okawaru [......]
Gold:   140        SH:  0    Dex: 14    Spells: 5/6 levels left

rFire   . . .        Y - +1 sling
rCold   . . .        (no shield)
rNeg    + + .        g - +0 leather armour
rPois   inf          (no helmet)
rElec   +            (no cloak)
rCorr   .            (no gloves)
SInv    .            (no boots)
Will    .....        b - amulet of the acrobat
Stlth   +            c - +5 ring of evasion
HPRegen 0.25/turn    d - ring of positive energy
MPRegen 0.10/turn

%: acrobat
@: no status effects
A: sickness immunity, AC +4, negative energy resistance 1, electricity
resistance, torment resistance 1, petrification resistance
a: Renounce Religion


You were on level 4 of the Dungeon.
You worshipped Okawaru.
Okawaru was noncommittal.
You visited 2 branches of the dungeon, and saw 5 of its levels.

You collected 140 gold pieces.


Innate Abilities, Weirdness & Mutations

You are immune to sickness and miasma.
Your stone body is resilient. (AC +4)
You are immune to poison.
You resist negative energy. (rN+)
You are resistant to electric shocks. (rElec)
You are resistant to unholy torment.
You are immune to petrification.


   Skills:
 + Level 2.3 Fighting
 - Level 5.0 Ranged Weapons
 - Level 1.5 Dodging
 - Level 1.0 Spellcasting
 - Level 2.6 Hexes


You had 5 spell levels left.
You knew the following spells:

 Your Spells              Type           Power      Damage    Failure   Level
a - Slow                  Hex            28%        N/A       12%         1

Your spell library contained the following spells:

 Spells                   Type           Power      Damage    Failure   Level
 Inner Flame              Hex/Fire       4%         N/A       52%         3
 Portal Projectile        Hex/Tloc       8%         N/A       52%         3
 Cause Fear               Hex            3%         N/A       75%         4

Inventory:

Hand Weapons
 Y - a +1 sling (weapon)
Armour
 g - a +0 leather armour (worn)
Jewellery
 b - an amulet of the acrobat (around neck)
 c - a +5 ring of evasion (left hand)
 d - a ring of positive energy (right hand)
Scrolls
 a - 5 scrolls of identify
Potions
 e - a potion of cancellation
 h - 5 potions of curing

Dungeon Overview and Level Annotations

Branches:
Dungeon (4/15)             Temple (1/1) D:4

Altars:
Ashenzari
Cheibriados
Dithmenos
Elyvilon
Fedhas
Gozag
Hepliaklqana
Kikubaaqudgha
Makhleb
Nemelex Xobeh
Okawaru
Ru
Sif Muna
Uskayaw
Vehumet
Wu Jian
Xom
Yredelemnul
Zin
The Shining One

Annotations:
D:2 1 runed translucent door, Crazy Yiuf


Message History

The phantom hits you.
The phantom blinks!
You blink.
Enter note:
Enter note:
Enter note:
Enter note:
Enter note:
Enter note: You shoot a sling bullet.
The sling bullet completely misses the phantom.
The phantom barely misses you.
You shoot a sling bullet.
The sling bullet barely misses the phantom.
The phantom barely misses you.
The orc priest invokes the aid of Beogh against you.
Beogh smites you!
The phantom hits you but does no damage.
You shoot a sling bullet.
The sling bullet closely misses the phantom.
The orc priest looks encouraged for a moment.
The phantom completely misses you.
You shoot a sling bullet. The sling bullet hits the phantom.
The phantom is moderately damaged.
The phantom hits you.
The phantom blinks!
You blink.
Enter note:
Enter note:
Enter note:
Enter note:
Enter note:
Enter note: You shoot a sling bullet.
The sling bullet closely misses the phantom.
The phantom completely misses you.
You shoot a sling bullet.
The sling bullet closely misses the phantom.
The phantom closely misses you.
The orc priest looks braver for a moment.
You shoot a sling bullet. The sling bullet hits the phantom.
The phantom is moderately damaged.
The phantom misses you. The orc priest closely misses you.
The phantom hits you.
You die...

### ####### ..# #...... #.#
#.##### #.####### #.# #
#.W.......##.# ### #@#
#.##.# #.. ###o##### #.##.#
#.# #+ #.o.....# #.##.# #.#
... #.#.....# #.##.###.#
$... #.#.###.# #.##......
..... #o#..##.###.######.#
......##.#....#....#####...
.....o'....................
.o....##)#...#.#########...


You could see a phantom, an orc priest and an orc.

Vanquished Creatures
  A hound (D:4)
  An orc wizard (D:3)
  2 adders (D:4)
  A worm (D:2)
  A dart slug (D:3)
  6 orcs (D:3)
  2 bats
  5 endoplasms
  4 giant cockroaches
  6 hobgoblins
  6 quokkas
  9 ball pythons
  2 frilled lizards (D:3)
  6 goblins
  5 kobolds
  11 rats
68 creatures vanquished.

Vanquished Creatures (others)
  An orc wizard (D:4)
1 creature vanquished.

Grand Total: 69 creatures vanquished

Notes
Turn   | Place    | Note
-------+----------+-------------------------------------------
     0 | D:1      | qw the Gargoyle Hexslinger began the quest for the Orb.
     0 | D:1      | Reached XP level 1. HP: 12/12 MP: 2/2
     0 | D:1      | 0 ||| qw: Version: 0.3-a-46-gb1f654a
     0 | D:1      | 0 ||| qw: Game counter: 3146
     0 | D:1      | 0 ||| qw: Melee chars always use a shield: true
     0 | D:1      | 0 ||| qw: God list: Okawaru
     0 | D:1      | 0 ||| qw: Allow faded altars: false
     0 | D:1      | 0 ||| qw: Do Orc after clearing Dungeon:15 true
     0 | D:1      | 0 ||| qw: Do second Lair branch before Depths: true
     0 | D:1      | 0 ||| qw: Lair rune preference: random
     0 | D:1      | 0 ||| qw: Goals: Normal
     0 | D:1      | 0 ||| PLANNING D:1-11
   296 | D:1      | Found a faded altar of an unknown god.
   372 | D:1      | Reached XP level 2. HP: 16/16 MP: 3/3
   608 | D:1      | Reached skill level 3 in Ranged Weapons
   934 | D:1      | 934 ||| UPGRADING to +0 leather armour.
   944 | D:1      | 944 ||| DROPPING +0 robe.
   945 | D:1      | 945 ||| READING 3 scrolls labelled FAOQECKULOG.
   946 | D:1      | 946 ||| DRINKING 2 amethyst potions.
   947 | D:1      | 947 ||| READING 2 scrolls of identify.
   947 | D:1      | 947 ||| IDENTIFYING fuming puce potion
   948 | D:1      | 948 ||| DROPPING scroll of poison.
   949 | D:1      | 949 ||| DROPPING potion of lignification.
  1115 | D:2      | Reached XP level 3. HP: 18/21 MP: 4/4
  1466 | D:2      | Found a runed translucent door.
  1467 | D:2      | Noticed Crazy Yiuf
  1857 | D:2      | 1857 ||| UPGRADING to amulet of the acrobat.
  1862 | D:2      | 1862 ||| UPGRADING to +5 ring of evasion.
  1863 | D:2      | 1863 ||| READING 3 scrolls of identify.
  1863 | D:2      | 1863 ||| IDENTIFYING orange potion
  1864 | D:2      | 1864 ||| DROPPING potion of magic.
  1983 | D:3      | Found a shadowy altar of Dithmenos.
  2091 | D:3      | Reached XP level 4. HP: 26/26 MP: 5/5
  2103 | D:3      | Reached skill level 4 in Ranged Weapons
  2176 | D:3      | Found a burning altar of Makhleb.
  2188 | D:3      | Found a sparkling altar of Nemelex Xobeh.
  2582 | D:3      | 2582 ||| UPGRADING to ring of positive energy.
  2583 | D:3      | 2583 ||| READING scroll labelled FOHUKHL RASHA.
  2587 | D:3      | 2587 ||| READING 3 scrolls of identify.
  2587 | D:3      | 2587 ||| IDENTIFYING clear potion
  2618 | D:4      | Reached skill level 5 in Ranged Weapons
  2618 | D:4      | Reached XP level 5. HP: 25/30 MP: 6/6
  2642 | D:4      | Found a staircase to the Ecumenical Temple.
  2643 | D:4      | 2643 ||| PLANNING TEMPLE
  2651 | Temple   | Entered the Ecumenical Temple
  2652 | Temple   | 2652 ||| PLANNING OKAWARU WORSHIP
  2659 | Temple   | Became a worshipper of Warmaster Okawaru
  2660 | Temple   | 2660 ||| PLANNING D:1-11
  3090 | D:4      | Noticed a phantom
  3091 | D:4      | 3091 ||| Stepping ~*~*~tactically~*~*~ (outnumbered).
  3094 | D:4      | 3094 ||| Stepping ~*~*~tactically~*~*~ (outnumbered).
  3105 | D:4      | HP: 5/31 [orc priest/divine providence (14)]
  3107 | D:4      | HP: 1/31 [phantom (5)]
  3110 | D:4      | Slain by a phantom

Levels and vault maps discovered:
D:1:      dpeg_arrival_ratfight, layout_loops_corners,
          ebering_ecumenical_altar_abandoned
D:2:      layout_loops_ring, skrybe_limestone_x, uniq_crazy_yiuf_cottage
D:3:      layout_loops_ring, grunt_dithmenos_smoke,
          amethyst_overflow_temple_binary, nrook_campfire
D:4:      layout_loops_corners, minmay_temple_entry_junction,
          minmay_fractal_squares_gapless_5
Temple:   sentei_temple_godly_chess

Skill      XL: |  1  2  3  4 |
---------------+-------------+-----
Ranged Weapons | 3 5 |  5.0
Fighting       | 2 |  2.3
Dodging        | |  1.5
Spellcasting   | |  1.0
Hexes          | |  2.6

Action                     |  1- 3 |  4- 6 || total
---------------------------+-------+-------++-------
   Fire: Sling             |   150 |   104 ||   254
    Use: Scroll            |     3 |     2 ||     5
         Potion            |     1 |       ||     1
 Armour: Robe              |     8 |       ||     8
         Leather armour    |     6 |    16 ||    22
  Dodge: Dodged            |    44 |    54 ||    98

Table legend:
 A = Non-vault XP
 B = Vault XP
 C = Vault XP percentage of total XP
 D = Non-vault monster count
 E = Vault monster count
 F = Vault count percentage of total count
                 A         B        C        D         E       F
            +---------+---------+-------+---------+---------+-------
      Total |     214 |       5 |   2.3 |      63 |       5 |   7.4
            +---------+---------+-------+---------+---------+-------
        D:1 |      21 |       5 |  19.2 |      13 |       5 |  27.8
        D:2 |      35 |       0 |   0.0 |      18 |       0 |   0.0
        D:3 |      83 |       0 |   0.0 |      24 |       0 |   0.0
        D:4 |      75 |       0 |   0.0 |       8 |       0 |   0.0
            +---------+---------+-------+---------+---------+-------
